 Dungeon Crawl Stone Soup version 0.26-a0-61-g6c07f0ee8d (webtiles) character file.

Game seed: 5479672748320025966

17 MarredHen the Ducker (level 2, 0/24 HPs)
             Began as a Spriggan Monk on June 9, 2020.
             Succumbed to an adder's poison
             ... on level 2 of the Dungeon.
             The game lasted 00:01:14 (1594 turns).

MarredHen the Ducker (Spriggan Monk)                Turns: 1594, Time: 00:01:14

Health: 0/24       AC: 21    Str:  7    XL:     2   Next: 44%
Magic:  3/3        EV:  4    Int: 11    God:
Gold:   54         SH:  0    Dex: 18    Spells: 1/1 levels left

rFire    . . .     SeeInvis +   e - -3 short sword (curse)
rCold    . . .     Gourm    .   (shield restricted)
rNeg     + + +     Faith    .   (armour currently unavailable)
rPois    +         Spirit   .   (helmet currently unavailable)
rElec    .         Reflect  .   (cloak currently unavailable)
rCorr    .         Harm     .   (gloves unavailable)
MR       .....     NoTele   +   (boots unavailable)
Stlth    +++.......             (no amulet)
HPRegen  0.08/turn              (no ring)
MPRegen  0.08/turn              (no ring)

@: lethally poisoned (0 -> -1), tree-form
A: very small, unfitting armour, see invisible, herbivore, slow metabolism 2
a: no special abilities


You were on level 2 of the Dungeon.
You were not hungry.
You were a tree.
You visited 1 branch of the dungeon, and saw 2 of its levels.

You collected 54 gold pieces.

Inventory:

Hand Weapons
 a - a +0 short sword
 e - a cursed -3 short sword (weapon)
Armour
 b - a +0 robe (melded)
Comestibles
 c - a ration


   Skills:
 + Level 2.6 Fighting
 + Level 3.6 Short Blades
 + Level 4.7 Dodging
 + Level 3.3 Stealth


You had one spell level left.
You didn't know any spells.
Your spell library was empty.

Dungeon Overview and Level Annotations

Branches:
Dungeon (2/15)

Altars:


Innate Abilities, Weirdness & Mutations

You are very small and have problems with some larger weapons.
You are too small for most types of armour.
You have supernaturally acute eyesight. (SInv)
You are a herbivore.
((You cover ground extremely quickly.))
You need to consume almost no food.


Message History

You hit the adder but do no damage.
The adder is heavily wounded.
The adder bites you but does no damage.
You closely miss the adder.
The adder is heavily wounded.
* * * LOW HITPOINT WARNING * * *
You feel sick. The adder barely misses you.
The adder bites you but does no damage.
You hit the adder.
The adder is heavily wounded.
The adder bites you but does no damage.
You miss the adder.
The adder is heavily wounded.
The adder bites you but does no damage.
You hit the adder.
The adder is severely wounded.
The adder bites you but does no damage.
You miss the adder.
The adder is severely wounded.
You die...

##### #..#########...#
#............#.#####...
..######.............#
#.####.##....## #.# #.#
.#..# # ############S##
#.. .. .# ..
...........♣..# #.#..#.
# .#######.....##
#.#..#.. #.###.......
.# .. ###.# ######.# .#
#.. #...# ### #.### ...
#.#####.# ### #.......#
#######.#


You could see an adder.

Vanquished Creatures
  A ball python (D:1)
  A goblin (D:1)
  3 hobgoblins
  3 jackals (D:1)
  A frilled lizard (D:2)
  5 kobolds
  2 rats
16 creatures vanquished.

Notes
Turn   | Place    | Note
-------+----------+-------------------------------------------
     0 | D:1      | MarredHen the Spriggan Monk began the quest for the Orb.
     0 | D:1      | Reached XP level 1. HP: 11/11 MP: 2/2
   607 | D:1      | Reached XP level 2. HP: 16/16 MP: 3/3
  1585 | D:2      | HP: 1/24 [poisoned by an adder]
  1590 | D:2      | HP: 1/24 [poisoned by an adder]
  1594 | D:2      | Succumbed to an adder's poison

Illustrated notes

Levels and vault maps discovered:
D:1:      dpeg_arrival_fog, layout_basic, kennysheep_nondescript
D:2:      layout_loops_ring, old_standard_altar, kennysheep_jessica_study

Action                   || total
-------------------------++-------
Melee: Short sword       ||   112
  Use: Scroll            ||     2
       Potion            ||     1
 Stab: Sleeping          ||     4
Armor: Robe              ||    12
       Skin              ||     9
Dodge: Dodged            ||    74

Table legend:
 A = Non-vault XP
 B = Vault XP
 C = Vault XP percentage of total XP
 D = Non-vault monster count
 E = Vault monster count
 F = Vault count percentage of total count
                 A         B        C        D         E       F
            +---------+---------+-------+---------+---------+-------
      Total |      25 |       0 |   0.0 |      16 |       0 |   0.0
            +---------+---------+-------+---------+---------+-------
        D:1 |      20 |       0 |   0.0 |      12 |       0 |   0.0
        D:2 |       5 |       0 |   0.0 |       4 |       0 |   0.0
            +---------+---------+-------+---------+---------+-------
